 Dungeon Crawl Stone Soup version 0.31-a0-544-gceb718ecc6 (webtiles) character file.

Game seed: 11213342963588833778

7078 zero the Grappler (level 10, -9/165 HPs)
             Began as a Troll Shapeshifter on Aug 15, 2023.
             Was an Initiate of Ru.
             Mangled by a komodo dragon (29 damage)
             ... on level 9 of the Dungeon.
             The game lasted 00:07:48 (7215 turns).

zero the Grappler (Troll Shapeshifter)              Turns: 7215, Time: 00:07:48

Health: -9/165     AC:  8    Str: 29    XL:     10   Next: 84%
Magic:  10/10      EV: 10    Int:  4    God:    Ru [......]
Gold:   425        SH:  0    Dex: 10    Spells: 10/11 levels left

rFire   . .          .
                       - Unarmed
rCold   + . .        (no shield)
rNeg    . . .        B - +1 steam dragon scales
rPois   +            (helmet currently unavailable)
rElec   .            l - melded +0 cloak
rCorr   .            (gloves unavailable)
SInv    .            (boots unavailable)
Will    .....        (no amulet) Stlth
                     s - ring of protection from cold
HPRegen 1.27/turn    a - ring of poison resistance
MPRegen 0.12/turn

%: no passive effects
@: berserking, lethally poisoned (-9 -> -17), beast-form, studying Maces &
Flails, very quick
A: beast (slay +3), large, unfitting armour, claws 3, regeneration 1, shaggy fur
1, tough skin 1
a: Begin Untransformation, Renounce Religion


You were on level 9 of the Dungeon.
You worshipped Ru.
Ru was noncommittal.
You were a hulking beast.
You visited 2 branches of the dungeon, and saw 11 of its levels.

You collected 425 gold pieces.

Inventory:

Missiles
 g - 12 poisoned darts
 k - 5 large rocks
Armour
 l - a +0 cloak (melded)
 B - +1 steam dragon scales (worn)
Jewellery
 a - a ring of poison resistance (right claw)
 s - a ring of protection from cold (left claw)
 x - a ring of fire
Talismans
 c - a beast talisman (active)
 f - a flux talisman
Wands
 r - a wand of flame (48)
 y - a wand of iceblast (14)
 A - a wand of acid (5)
 D - a wand of digging (3)
Scrolls
 e - 4 scrolls of teleportation
 n - 4 scrolls of revelation
 p - a scroll of amnesia
 v - 2 scrolls of poison
 C - a scroll of identify
 E - a scroll of immolation {unknown}
Potions
 b - 2 potions of lignification
 d - 2 potions of brilliance
 h - a potion of resistance
 j - a potion of invisibility
 o - a potion of magic
 q - 4 potions of might
 t - 2 potions of ambrosia
 u - 2 potions of cancellation
 w - 2 potions of mutation
 z - 3 potions of curing


   Skills:
 + Level 10.3 Fighting
 + Level 2.9 Dodging
 + Level 10.4 Unarmed Combat
 + Level 1.0 Spellcasting
 - Level 1.0 Translocations
 * Level 4.6 Shapeshifting


You had 10 spell levels left.
You knew the following spells:

 Your Spells              Type           Power      Damage    Failure   Level
g - Apportation           Tloc           2%         N/A       34%         1

Your spell library contained the following spells:

 Spells                   Type           Power      Damage    Failure   Level
 Necrotise                Necr           0%         1d4       45%         1
 Summon Small Mammal      Summ           0%         N/A       45%         1
 Lesser Beckoning         Tloc           2%         N/A       45%         2
 Gell's Gravitas          Tloc           1%         N/A       71%         3
 Teleport Other           Tloc           1%         N/A       71%         3
 Portal Projectile        Hex/Tloc       0%         N/A       77%         3
 Call Canine Familiar     Summ           0%         N/A       83%         3
 Leda's Liquefaction      Hex/Erth       0%         N/A       99%         4
 Lee's Rapid Deconstruct  Erth           0%         3d4*      100%        5
 Leda's Unmaking          Conj/Erth      0%         9d1       100%        6


Dungeon Overview and Level Annotations

Branches:
Dungeon (10/15)            Temple (1/1) D:6
   Lair: D:8-11         Orc: D:9-12

Altars:
Ashenzari
Cheibriados
Dithmenos
Fedhas
Gozag
Hepliaklqana
Kikubaaqudgha
Makhleb
Nemelex Xobeh
Okawaru
Qazlal
Ru
Sif Muna
Trog
Uskayaw
Vehumet
Wu Jian
Xom
Zin
The Shining One

Shops:
D:1 =

Annotations:
Temple 2 transporters


Innate Abilities, Weirdness & Mutations

You are a hulking beast.
Your limbs bulge with bestial killing power. (Slay +3)
You are too large for most types of armour.
You have claws for hands.
Your natural rate of healing is unusually fast.
You are covered in fur. (AC +1)
You have tough skin. (AC +1)


Message History

You climb downwards.
The orc priest mumbles some strange prayers to Beogh against you.
Beogh smites you! The komodo dragon bites you!!
The orc priest invokes the aid of Beogh against you.
Beogh smites you! The water moccasin bites you.
You are poisoned.
The water moccasin poisons you!
There is a stone staircase leading up, spattered with blood here.
You see here a +0 dagger.
You feel sick. The komodo dragon bites you.
The water moccasin bites you but does no damage.
You climb upwards.
You feel very sick.
There is a stone staircase leading down, spattered with blood here.
You claw the komodo dragon!
The komodo dragon is moderately wounded.
You feel sick.
The water moccasin bites you but does no damage.
The komodo dragon barely misses you.
You claw the komodo dragon!
The komodo dragon is heavily wounded.
The water moccasin bites you. The komodo dragon bites you.
You barely miss the komodo dragon. Your claw misses the komodo dragon.
The komodo dragon is heavily wounded.
You feel sick. The water moccasin closely misses you.
The komodo dragon bites you!
* * * LOW HITPOINT WARNING * * *
You scratch the komodo dragon.
The komodo dragon is heavily wounded.
You feel sick. The water moccasin barely misses you.
The water moccasin closely misses you. The komodo dragon bites you!!
* * * LOW HITPOINT WARNING * * *
You feel better. The water moccasin closely misses you.
The komodo dragon bites you but does no damage.
A red film seems to cover your vision as you go berserk!
You feel yourself moving faster!
You feel mighty! The water moccasin bites you.
* * * LOW HITPOINT WARNING * * *
You are poisoned.
The water moccasin poisons you! The komodo dragon bites you!!
You die...

#.....'..............#.......
#.....#..............#.......
#....................#.......
#.....#.......########.......
#######.......# #....###
#.......# #....### #.......#
#....'.. #....[S.# #....###
##..lh### #.(..# # #..[.#
#....# # #....# #....# #
###### #....# # #....# #
###### # # # #


You could see a komodo dragon and a water moccasin.

Vanquished Creatures
  A centaur warrior (D:10)
  Pikel (D:4)
  Joseph (D:7)
  Maggie (D:7)
  A shadow (D:10)
  2 wyverns
  4 steam dragons
  Menkaure (D:5)
  An acid dragon (D:8)
  A sky beast (D:6)
  Duvessa (D:7)
  4 orc warriors
  2 ice beasts
  3 ogres
  7 centaurs
  A lemure (D:4)
  3 bullfrogs
  2 gnoll sergeants
  6 scorpions
  5 wights (D:8)
  Dowan (D:7)
  11 killer bees
  A howler monkey (D:6)
  8 orc priests
  6 hounds
  3 jellies
  5 sleepcaps
  Ijyb (D:3)
  3 iguanas
  8 orc wizards
  8 gnolls
  15 adders
  3 white imps
  An ufetubus (D:5)
  3 dart slugs
  32 orcs
  8 endoplasms
  3 giant cockroaches
  6 goblins
  4 hobgoblins
  4 jackals
  5 kobolds
  A quokka (D:4)
  2 ball pythons (D:1)
  7 bats
  6 frilled lizards
  4 rats (D:2)
207 creatures vanquished.

Vanquished Creatures (others)
  An orc wizard (D:7)
1 creature vanquished.

Grand Total: 208 creatures vanquished

Notes
Turn   | Place    | Note
-------+----------+-------------------------------------------
     0 | D:1      | zero the Troll Shapeshifter began the quest for the Orb.
     0 | D:1      | Reached XP level 1. HP: 18/18 MP: 0/0
    68 | D:1      | Reached XP level 2. HP: 13/26 MP: 1/1
   372 | D:1      | Found Vage's One-of-a-Kind Rings.
   606 | D:2      | Reached XP level 3. HP: 32/32 MP: 2/2
   845 | D:2      | Reached skill level 5 in Unarmed Combat
   845 | D:2      | Reached XP level 4. HP: 37/40 MP: 3/3
  1799 | D:3      | Found an ancient bone altar of Kikubaaqudgha.
  1890 | D:3      | Noticed Ijyb
  1901 | D:3      | Killed Ijyb
  1902 | D:3      | Reached XP level 5. HP: 33/46 MP: 4/4
  2220 | D:4      | Noticed an ogre
  2223 | D:4      | Killed an ogre
  2316 | D:4      | Reached XP level 6. HP: 54/54 MP: 5/5
  2399 | D:4      | Noticed Pikel
  2414 | D:4      | Reached skill level 1 in Fighting
  2421 | D:4      | Killed Pikel
  2422 | D:4      | Reached XP level 7. HP: 49/67 MP: 6/6
  2593 | D:5      | Entered Level 5 of the Dungeon
  2649 | D:5      | Found a broken altar of Ashenzari.
  2695 | D:5      | Reached XP level 8. HP: 78/78 MP: 7/7
  2752 | D:5      | Noticed Menkaure
  2757 | D:5      | Killed Menkaure
  2830 | D:5      | Found an opulent altar of Gozag.
  2950 | D:5      | Reached skill level 5 in Fighting
  3032 | D:5      | Found a blossoming altar of Fedhas.
  3097 | D:5      | Found a stormy altar of Qazlal.
  3672 | D:6      | Reached XP level 9. HP: 85/89 MP: 8/8
  3708 | D:6      | Reached skill level 10 in Unarmed Combat
  4025 | D:6      | Found a staircase to the Ecumenical Temple.
  4072 | Temple   | Found a transporter.
  4072 | Temple   | Found a transporter.
  4072 | Temple   | Found a transporter.
  4072 | Temple   | Found a transporter.
  4072 | Temple   | Entered the Ecumenical Temple
  4898 | D:7      | Found a hazy altar of Hepliaklqana.
  4903 | D:7      | Noticed Dowan
  4904 | D:7      | Noticed Duvessa
  4932 | D:7      | Killed Duvessa
  4939 | D:7      | Killed Dowan
  4996 | D:7      | Noticed Joseph
  5004 | D:7      | Killed Joseph
  5156 | D:7      | Reached XP level 10. HP: 107/107 MP: 9/9
  5195 | D:7      | Noticed Maggie
  5202 | D:7      | Killed Maggie
  5746 | D:8      | Found a sacrificial altar of Ru.
  5755 | D:8      | Became a worshipper of Ru the Awakened
  5844 | D:8      | Reached skill level 10 in Fighting
  6789 | D:9      | Learned a level 1 spell: Apportation
  7106 | D:10     | Entered Level 10 of the Dungeon
  7106 | D:10     | Noticed a centaur warrior
  7110 | D:10     | Killed a centaur warrior
  7111 | D:10     | Reached skill level 1 in Translocations
  7116 | D:10     | Reached skill level 1 in Spellcasting
  7117 | D:10     | HP: 1/110 [orc warrior/+0 scimitar (18)]
  7213 | D:9      | HP: 2/110 [komodo dragon (24)]
  7215 | D:9      | Mangled by a komodo dragon

Illustrated notes

Levels and vault maps discovered:
D:1:      kennysheep_arrival_forest, layout_rooms, nicolae_shop_unique_rings
D:2:      layout_loops_ring
D:3:      layout_loops_corners, mainiacjoe_overflow_alcove_4, uniq_ijyb
D:4:      layout_loops_ring, uniq_pikel
D:5:      layout_rooms, nicolae_ashenzari_panopticon, lemuel_doored_altar,
          nicolae_qazlal_eye_of_the_storm, nicolae_gozag_seed_capital,
          grunt_ministairs_13, minmay_manual_mandibuliform, uniq_menkaure
D:6:      wad_crossroads, layout_gridville, temple_fountains
D:7:      layout_loops_ring, mainiacjoe_overflow_cross_hatched,
          chequers_ossuary_entry_cave, uniq_duvessa, uniq_maggie, uniq_joseph
D:8:      layout_gridville, nicolae_overflow_crystal_walls
D:9:      layout_basic
D:10:     kennysheep_kobold_lugonu_temple, layout_basic, old_standard_altar,
          lemuel_mausoleum_altar_yredelemnul, due_lair_maze_entry_diamond,
          david_orc_2, kennysheep_nondescript
Temple:   hellmonk_temple_divided_pantheon

Skill      XL: |  1  2  3  4  5  6  7  8  9 10 |
---------------+-------------------------------+-----
Unarmed Combat | 4 5 6 8 9 10 | 10.4
Fighting       | 3 4 5 9 10 | 10.3
Dodging        | 2 |  2.9
Shapeshifting  | 4 |  4.6
Translocations | 1 |  1.0
Spellcasting   | 1 |  1.0

Action                     |  1- 3 |  4- 6 |  7- 9 | 10-12 || total
---------------------------+-------+-------+-------+-------++-------
  Melee: Unarmed           |    70 |    81 |   213 |   151 ||   515
         Punch             |     2 |     2 |     8 |     7 ||    19
    Use: Potion            |       |     1 |       |     3 ||     4
         Scroll            |       |       |    15 |     2 ||    17
   Stab: Sleeping          |       |       |     1 |       ||     1
 Armour: Animal skin       |    26 |    22 |    24 |       ||    72
         Steam dragon scal |       |       |    40 |    70 ||   110
  Dodge: Dodged            |    61 |    39 |    82 |   102 ||   284
         Form:             |     1 |       |     2 |       ||     3
         Beast             |     1 |       |     2 |       ||     3

Table legend: (Time is in decaauts)
 A = Elapsed time spent in this place.
 B = Non-inter-level travel time spent in this place.
 C = Inter-level travel time spent in this place.
 D = Time resting spent in this place.
 E = Time spent auto-exploring this place.
 F = Levels seen in this place.
 G = Mean time per level.
                   A        B        C        D        E       F      G
               +--------+--------+--------+--------+--------+-----+--------+
         Total |   7136 |   6799 |    337 |    562 |   5027 |  11 |  648.7 |
       Dungeon |   7113 |   6782 |    331 |    562 |   5027 |  10 |  711.3 |
        Temple |     23 |     17 |      6 |      0 |      0 |   1 |   23.0 |
               +--------+--------+--------+--------+--------+-----+--------+

Top non-repeatable levels by time:
     D:6: 1215 daAuts
     D:9: 891 daAuts
     D:7: 888 daAuts
     D:3: 848 daAuts
     D:8: 842 daAuts
     D:5: 682 daAuts
     D:4: 583 daAuts
     D:1: 578 daAuts
     D:2: 566 daAuts
  Temple: 23 daAuts
    D:10: 16 daAuts
